 Dungeon Crawl Stone Soup version 0.28-a0-1117-g0bdd5ba030 (webtiles) character file.

Game seed: 16091847069852507717

17 SensoryNuts the Twirler (level 2, -1/22 HPs)
             Began as a Demonspawn Gladiator on Dec 11, 2021.
             Slain by a kobold (4 damage)
             ... on level 1 of the Dungeon.
             The game lasted 00:00:29 (748 turns).

SensoryNuts the Twirler (Demonspawn Gladiator)       Turns: 748, Time: 00:00:30

Health: -1/22      AC:  4    Str: 14    XL:     2   Next: 44%
Magic:  2/2        EV: 12    Int:  9    God:
Gold:   11         SH:  0    Dex: 14    Spells: 1/1 levels left

rFire   . . .      SeeInvis .   a - +0 quarterstaff
rCold   . . .      Faith    .   (shield currently unavailable)
rNeg    . . .      Spirit   .   b - +0 leather armour
rPois   .          Reflect  .   c - +0 helmet
rElec   .          Harm     .   (no cloak)
rCorr   .          Rampage  .   (no gloves)
Will    .....                   (no boots)
Stlth   +.........              (no amulet)
HPRegen 0.07/turn               (no ring)
MPRegen 0.16/turn               (no ring)

@: no status effects
A: magic regeneration
a: no special abilities


You were on level 1 of the Dungeon.
You visited 1 branch of the dungeon, and saw 1 of its levels.

You collected 11 gold pieces.

Inventory:

Hand Weapons
 a - a +0 quarterstaff (weapon)
Missiles
 d - 3 throwing nets (quivered)
Armour
 b - a +0 leather armour (worn)
 c - a +0 helmet (worn)
Scrolls
 e - a scroll of identify {unknown}
 f - a scroll of enchant armour {unknown}


   Skills:
 + Level 2.1 Fighting
 + Level 3.0 Staves
 + Level 2.1 Throwing
 + Level 0.1 Armour
 + Level 2.8 Dodging


You had one spell level left.
You didn't know any spells.
Your spell library was empty.

Dungeon Overview and Level Annotations

Branches:
Dungeon (1/15)

Altars:


Innate Abilities, Weirdness & Mutations

You regenerate magic rapidly.


Message History

The jackal bites you but does no damage.
The ball python barely misses you. The ball python misses you.
The kobold hits you with a +0 short sword.
The jackal completely misses you.
You sock the ball python!
You kill the ball python!
The jackal completely misses you. The kobold hits you but does no damage.
You miss the jackal. The jackal barely misses you.
The kobold barely misses you. The jackal barely misses you. The rat bites you.
You hit the jackal.
The jackal is heavily wounded.
The jackal barely misses you. The kobold completely misses you.
The rat bites you but does no damage. The jackal barely misses you.
You hit the jackal.
You kill the jackal!
The bat hits you.
The kobold hits you with a +0 short sword.
The rat closely misses you.
The kobold hits you with a +0 short sword.
* * * LOW HITPOINT WARNING * * *
The bat hits you but does no damage. The goblin misses you.
You sock the goblin!
You kill the goblin!
The bat completely misses you. The bat hits you but does no damage.
You hit the bat.
You kill the bat!
You closely miss the kobold.
The kobold hits you but does no damage. x2
You sock the kobold!
You kill the kobold!
You hit the rat but do no damage. The rat misses you.
You barely miss the rat. The rat barely misses you. The rat bites you.
* * * LOW HITPOINT WARNING * * *
You hit the rat.
You kill the rat!
A hobgoblin comes into view.
You hit the kobold.
The kobold is severely wounded.
The kobold hits you with a +0 short sword.
You die...

#.# #.#
#####.###.#
#.......#.#
#.###.#.#.#
####.###.#.>..
#........#.....
#.##.###.........
#..#.# #.#.......
#.#@.# #.###.#...
#wK### #.# .#...
#.w# #.#
###..#####.#
#....†.....#
#....)w..###.
#.........#
#...♣g≈≈♣.+
#..P≈≈≈.≈♣..


You could see 2 dart slugs, a hobgoblin and a kobold.

Vanquished Creatures
  A dart slug (D:1)
  A bat (D:1)
  A giant cockroach (D:1)
  A goblin (D:1)
  A hobgoblin (D:1)
  A jackal (D:1)
  2 kobolds (D:1)
  2 ball pythons (D:1)
  2 frilled lizards (D:1)
  3 rats (D:1)
15 creatures vanquished.

Vanquished Creatures (others)
  3 plants (D:1)
3 creatures vanquished.

Grand Total: 18 creatures vanquished

Notes
Turn   | Place    | Note
-------+----------+-------------------------------------------
     0 | D:1      | SensoryNuts the Demonspawn Gladiator began the quest for
                  | the Orb.
     0 | D:1      | Reached XP level 1. HP: 16/16 MP: 1/1
   717 | D:1      | Gained mutation: You regenerate magic rapidly. [demonic
                  | ancestry]
   717 | D:1      | Reached XP level 2. HP: 22/22 MP: 2/2
   731 | D:1      | Reached skill level 3 in Staves
   748 | D:1      | Slain by a kobold

Illustrated notes

Levels and vault maps discovered:
D:1:      lightli_iron_boxes, layout_loops_corners, serial_bayou,
          serial_bayou_pond_a, serial_bayou_pond_c, serial_bayou_pond_b,
          serial_bayou_ford_a

Skill      XL: |  1  2 |
---------------+-------+-----
Throwing       | 2 |  2.1
Staves         | 3 |  3.0
Fighting       | |  2.1
Armour         | |  0.1
Dodging        | |  2.8

Action                   || total
-------------------------++-------
Melee: Quarterstaff      ||    49
 Stab: Sleeping          ||     1
Armor: Leather armour    ||    15
Dodge: Dodged            ||    35

Table legend: (Time is in decaauts)
 A = Elapsed time spent in this place.
 B = Non-inter-level travel time spent in this place.
 C = Inter-level travel time spent in this place.
 D = Time resting spent in this place.
 E = Time spent auto-exploring this place.
 F = Levels seen in this place.
 G = Mean time per level.
                   A        B        C        D        E       F      G
               +--------+--------+--------+--------+--------+-----+--------+
         Total |    763 |    763 |      0 |      0 |    660 |   1 |  763.0 |
       Dungeon |    763 |    763 |      0 |      0 |    660 |   1 |  763.0 |
               +--------+--------+--------+--------+--------+-----+--------+

Top non-repeatable levels by time:
     D:1: 763 daAuts
